 Dungeon Crawl Stone Soup version 0.26-a0-800-g517d6fe721 (webtiles) character file.

Game seed: 5719146342436513240

270821 mhtbhm the Shatterer (level 20, -7/134 HPs)
             Began as a Gargoyle Berserker on Nov 11, 2020.
             Was the Champion of Trog.
             Killed from afar by a deep elf sorcerer (20 damage)
             ... with a bolt of acid
             ... on level 3 of the Elven Halls on Nov 12, 2020.
             The game lasted 01:30:19 (44382 turns).

mhtbhm the Shatterer (Gargoyle Berserker)          Turns: 44382, Time: 01:30:20

Health: -7/134     AC: 38    Str: 36    XL:     20   Next: 22%
Magic:  3/3        EV: 22    Int: 14    God:    Trog [******]
Gold:   1975       SH: 12    Dex:  7    Spells: 19/19 levels left

rFire    + + .     SeeInvis +   a - +9 eveningstar (antimagic)
rCold    + . .     Faith    .   I - +0 buckler of Optimism {rF+ rC+ MR+++}
rNeg     + . .     Spirit   .   b - +3 chain mail {rF+}
rPois    ∞         Reflect  +   d - +0 mask of the Dragon {MR+ Slay+3 SInv}
rElec    +         Harm     .   H - +1 cloak {MR+}
rCorr    .         Rampage  .   n - +0 pair of gloves
MR       +++++                  p - +2 pair of boots {Stlth+}
Stlth    ..........             j - amulet of reflection
HPRegen  0.32/turn              T - ring "Zyuz" {MP-9 Str+6 Int+6}
MPRegen  0.08/turn              r - ring of Phasing {EV+8}

@: mighty, flying, very slightly contaminated, hasted, studying Slings, lightly
drained, invisible, very quick
A: big wings, horns 1, yellow scales 1, clumsy 1, negative energy resistance 1,
electricity resistance, unbreathing, petrification resistance, rot immunity,
subdued magic 1, AC +15
}: 2/15 runes: decaying, barnacled
a: Stop Flying, Berserk, Trog's Hand, Brothers in Arms, Renounce Religion


You were on level 3 of the Elven Halls.
You worshipped Trog.
Trog was exalted by your worship.
You visited 6 branches of the dungeon, and saw 32 of its levels.
You visited the Abyss 1 time.
You also visited: Gauntlet and Ice Cave.

You collected 3570 gold pieces.
You spent 1595 gold pieces at shops.

Inventory:

Hand Weapons
 a - a +9 antimagic eveningstar (weapon)
 Q - a +7 morningstar of freezing
Missiles
 z - 10 curare-tipped darts (quivered)
Armour
 b - a +3 chain mail of fire resistance (worn)
 d - the +0 mask of the Dragon (worn) {MR+ Slay+3 SInv}
   (You found it on level 3 of the Swamp)

   It affects your accuracy and damage with ranged weapons and melee attacks
   (+3).
   It affects your resistance to hostile enchantments.
   It lets you see invisible.
 h - a +0 kite shield of protection
 n - a +0 pair of gloves (worn)
 p - a +2 pair of boots of stealth (worn)
 v - +0 fire dragon scales
 H - a +1 cloak of magic resistance (worn)
 I - the +0 buckler of Optimism (worn) {rF+ rC+ MR+++}
   (You took it off a minotaur in a Gauntlet)

   It protects you from fire.
   It protects you from cold.
   It affects your resistance to hostile enchantments.
Jewellery
 c - an uncursed ring of protection from magic
 e - an uncursed ring of positive energy
 j - an amulet of reflection (around neck)
 r - the ring of Phasing (right hand) {EV+8}
   (You found it on level 10 of the Dungeon)

   [ring of evasion]

   It affects your evasion (+8).
 E - an uncursed ring of resist corrosion
 T - the ring "Zyuz" (left hand) {MP-9 Str+6 Int+6}
   (You found it on level 4 of the Shoals)

   [ring of intelligence]

   It affects your strength (+6).
   It affects your intelligence (+6).
   It affects your magic capacity (-9).
Wands
 u - a wand of acid (2)
 y - a wand of polymorph (25)
 B - a wand of disintegration (3)
 D - a wand of flame (23)
 G - a wand of paralysis (3)
 P - a wand of iceblast (4)
 U - a wand of enslavement (5)
Scrolls
 f - 8 scrolls of teleportation
 l - 15 scrolls of remove curse
 m - 3 scrolls of enchant armour
 t - 9 scrolls of enchant weapon
 w - 2 scrolls of fog
 A - 4 scrolls of magic mapping
 F - 2 scrolls of holy word
 J - 2 scrolls of fear
 N - 4 scrolls of immolation
Potions
 i - 6 potions of curing
 k - 3 potions of haste
 o - 2 potions of cancellation
 q - a potion of heal wounds
 s - 4 potions of resistance
 x - a potion of berserk rage
Books
 C - a manual of Slings
Miscellaneous
 K - a lightning rod (4/4)
 L - a tin of tremorstones (2/2)
 O - a condenser vane


   Skills:
 + Level 17.5(17.0) Fighting
 * Level 22.8(22.3) Maces & Flails
 + Level 0.6(0.3) Throwing
 - Level 10.0(9.6) Armour
 * Level 13.9(13.4) Dodging
 - Level 3.1(2.8) Stealth
 - Level 15.8(15.4) Shields
 + Level 1.9(1.6) Evocations


You had 19 spell levels left.
You didn't know any spells.
Your spell library was empty.

Dungeon Overview and Level Annotations

Branches:
Dungeon (13/15)            Temple (0/1) D:6            Lair (6/6) D:11
  Swamp (4/4) Lair:3       Shoals (4/4) Lair:2        Slime (0/5) Lair:5
    Orc (2/2) D:9             Elf (3/3) Orc:2        Vaults (0/5) D:13
  IceCv (visited)         Gauntlet (visited)

Altars:
Elyvilon
Fedhas
Gozag
Makhleb
Okawaru
Sif Muna
Trog
Uskayaw
Wu Jian
Xom
Yredelemnul
Jiyva

Shops:
D:9 (   D:10 *   D:11 ?   D:12 !   Orc:2 [[(}   Elf:1 [

Annotations:
Elf:3 Nikola


Innate Abilities, Weirdness & Mutations

You are resistant to torment.
Your stone body is resilient. (AC +15)
You are immune to poison.
Your large and strong wings let you fly indefinitely.
You resist negative energy. (rN+)
You are resistant to electric shocks. (rElec)
You can survive without breathing.
You are immune to petrification.
You are immune to rotting.
You have a pair of small horns on your head.
You are partially covered in yellow scales. (AC +2)
You are clumsy. (Dex -2)
Your spells are a little easier to cast, but a little less powerful.


Message History

You recover from your berserk rage.
The deep elf sorcerer seems less brilliant.
You block the Executioner's attack. The Executioner misses you.
The Executioner hits you but does no damage.
The deep elf elementalist casts a spell at the Executioner.
The deep elf sorcerer is empowered by the deep elf high priest's aura!
The deep elf high priest invokes the aid of its god against you.
Something smites you!
* * * LOW HITPOINT WARNING * * *
You block the Executioner's attack.
The Executioner hits you but does no damage.
The Executioner closely misses you.
Unknown command.
You reach down and open the door.
Your hearing returns.
You block the Executioner's attack.
The Executioner hits you but does no damage. x2
The deep elf sorcerer gestures at you while chanting.
The bolt of acid hits you!!
You die...

## ##) ## #:}
###....... #!)
##......... #)=
##.........( #!$
#.......)...
#$'###*ex*.)....#
#@.e(e.e((...#
#.1e.e.4e...#
#....*)e)e.##..
#...*e(4e13....
#.....eeeee.....
#......*.2e......
#............2...
#....(...........
#......#.........


You could see 2 deep elf blademasters, a hell beast (summoned), 5 deep elf death
magi, an Executioner (summoned, fast), 2 deep elf sorcerers, a deep elf
elementalist (fast, empowered, repels missiles), a deep elf demonologist
(empowered), a deep elf archer (empowered, repels missiles), a deep elf knight
(fast, empowered), a deep elf high priest (brilliance aura), an ice devil
(summoned), a deep elf mage (empowered), a chaos spawn (summoned), 5 lost souls
and a crawling corpse (wandering).

Vanquished Creatures
  A bone dragon (Abyss:5)
  Jorgrun (Shoals:1)
  An acid blob (Lair:5)
  A lich (Abyss:5)
  A tentacled starspawn (Abyss:5)
  An Executioner (Abyss:5)
  Polyphemus (Shoals:2)
  A kraken (Shoals:1)
  Gastronok (Lair:2)
  Ilsuiw (Shoals:3)
  A fenstrider witch (Swamp:1)
  A deep elf sorcerer (Elf:2)
  The ghost of IdlyInterested the Impaler, an adept DsGl of Makhleb (Elf:1)
  The ghost of jr88keys the Peltast, an adept GrFi of Okawaru (Shoals:4)
  Louise (Swamp:1)
  A deep elf elementalist (Elf:3)
  A reaper (IceCv)
  An ironheart preserver (D:13)
  A deep elf demonologist (Elf:1)
  A minotaur (Gauntlet)
  A lorocyproca (Abyss:5)
  2 bunyips (Swamp:3)
  2 deep elf death magi
  4 merfolk javelineers
  4 eleionomae
  A fire dragon (Lair:6)
  6 merfolk impalers
  4 shambling mangroves
  Erolcha (D:9)
  3 boulder beetles
  Harold (D:9)
  The ghost of Cayciadust the Spear-Bearer, a journeyman DsBe of Trog (D:10)
  5 ghost crabs
  2 centaur warriors (D:13)
  Erica (D:8)
  25 hydras
  A merfolk avatar (Shoals:3)
  3 catoblepae
  5 merfolk aquamancers
  7 alligators
  2 satyrs (Shoals:3)
  11 two-headed ogres
  28 dancing weapons
  4 death yaks (Shoals:2)
  2 ogre magi (Orc:2)
  A spriggan berserker (Swamp:4)
  2 thrashing horrors (Gauntlet)
  20 deep elf knights
  5 goliath frogs
  Sonja (D:11)
  Nergalle (Lair:1)
  A shadow wraith (Abyss:5)
  2 deep trolls (Orc:2)
  12 sea snakes
  A spriggan druid (Swamp:1)
  11 swamp dragons
  3 unseen horrors
  5 deep elf archers
  5 harpies (Shoals:2)
  8 bog bodies
  A lindwurm (Lair:6)
  Pikel (D:9)
  An orb spider (shapeshifter) (Elf:1)
  3 oklob plants (Lair:2)
  19 fauns
  4 ugly things
  19 manticores
  51 deep elf magi
  6 will-o-the-wisps
  7 slime creatures
  9 merfolk sirens
  14 cyclopes
  22 elephants
  13 water nymphs
  5 black mambas (Lair:6)
  Maggie (Lair:2)
  5 molten gargoyles
  4 gargoyles
  2 ice statues (IceCv)
  13 cane toads
  3 rime drakes
  17 komodo dragons
  2 efreet (D:10)
  A minotaur zombie (Gauntlet)
  An ancient zyme (Abyss:5)
  A polar bear (Lair:4)
  11 ice devils (IceCv)
  10 trolls
  5 tyrant leeches
  3 raiju (Abyss:3)
  9 hornets
  23 merfolk
  7 wind drakes
  19 dream sheep
  11 blink frogs
  10 snapping turtles
  2 shadows (D:13)
  10 spriggans
  4 air elementals
  A vampire (D:13)
  A wraith (D:13)
  6 water elementals
  2 large abominations
  38 yaks
  5 wyverns
  A fire elemental (Elf:1)
  6 basilisks
  4 vampire mosquitoes (Swamp:2)
  6 wargs
  An acid dragon (D:13)
  20 swamp worms
  18 water moccasins
  3 hell hounds (Lair:6)
  4 soldier ants (D:6)
  A hornet zombie (D:12)
  11 ice beasts
  15 orc warriors
  3 black bears
  2 phantoms
  13 swamp drakes
  5 sky beasts
  An eye of draining (D:13)
  26 ogres
  10 wolves
  8 centaurs
  2 necrophages
  14 bullfrogs
  A big kobold (D:12)
  4 earth elementals (Elf:1)
  5 small abominations
  A scorpion (D:4)
  26 killer bees
  12 wights
  2 howler monkeys
  3 electric eels
  4 bullfrog zombies
  3 jellies
  5 hounds
  5 lava snakes (Lair:6)
  A quasit (D:13)
  4 centaur zombies
  2 bullfrog skeletons
  4 centaur skeletons
  12 orc priests
  31 orc wizards
  2 iguanas
  Terence (D:3)
  21 worker ants
  2 killer bee zombies
  3 worker ant zombies
  7 gnolls
  23 adders
  A shadow imp (D:10)
  7 white imps
  2 ufetubi
  An ooze (D:1)
  2 adder zombies
  2 dart slugs
  6 leopard geckos
  74 orcs
  10 bats
  4 giant cockroaches
  10 goblins
  5 hobgoblins
  19 jackals
  4 quokkas
  2 ball pythons
  8 frilled lizards
  14 kobolds
  A leopard gecko skeleton (D:5)
  A quokka zombie (D:7)
  14 rats
  A crawling corpse (Elf:3)
1172 creatures vanquished.

Vanquished Creatures (collateral kills)
  Frances (Shoals:2)
  A bunyip (Swamp:4)
  A ghost crab (Swamp:4)
  A satyr (Shoals:3)
  A goliath frog (Swamp:3)
  A spatial maelstrom (Abyss:5)
  A sea snake (Shoals:2)
  3 harpies (Shoals:2)
  A will-o-the-wisp (Swamp:4)
  5 manticores
  A water nymph (Shoals:3)
  A merfolk (Shoals:2)
  2 dream sheep (Shoals:2)
  2 water elementals (Shoals:2)
  A neqoxec (Abyss:5)
23 creatures vanquished.

Vanquished Creatures (others)
  A deep elf sorcerer (Elf:3)
  2 deep elf elementalists (Elf:3)
  A deep elf demonologist (Elf:3)
  A deep elf annihilator (Elf:3)
  An eleionoma (Swamp:1)
  2 deep elf death magi (Elf:3)
  A deep elf knight (Elf:1)
  A deep elf mage (Elf:3)
  A faun (Shoals:3)
  A bloated husk (Swamp:4)
  2 hornets (Swamp:4)
  A water elemental (Elf:3)
  5 white imps (IceCv)
  9 ufetubi (IceCv)
  12 foxfires
  22 fungi
  A lurking horror (Abyss:5)
  163 plants
  4 tentacles (Shoals:1)
  A withered plant (Gauntlet)
232 creatures vanquished.

Grand Total: 1427 creatures vanquished

Notes
Turn   | Place    | Note
-------+----------+-------------------------------------------
     0 | D:1      | mhtbhm the Gargoyle Berserker began the quest for the Orb.
     0 | D:1      | Reached XP level 1. HP: 14/14 MP: 1/1
   595 | D:1      | Reached XP level 2. HP: 10/19 MP: 2/2
  1023 | D:1      | Reached XP level 3. HP: 24/24 MP: 3/3
  1529 | D:2      | Reached ** piety under Trog
  1579 | D:2      | Reached XP level 4. HP: 28/29 MP: 4/4
  1643 | D:2      | Reached skill level 4 in Maces & Flails
  2081 | D:2      | Reached XP level 5. HP: 33/33 MP: 5/5
  2132 | D:2      | Found a bloodstained altar of Trog.
  2424 | D:3      | Noticed Terence
  2428 | D:3      | Killed Terence
  2541 | D:3      | Reached *** piety under Trog
  2568 | D:3      | Found a basalt altar of Yredelemnul.
  2670 | D:3      | Reached skill level 5 in Maces & Flails
  2873 | D:3      | Found a hide-covered altar of Uskayaw.
  2875 | D:3      | Found a white marble altar of Elyvilon.
  2875 | D:3      | Found a shimmering blue altar of Sif Muna.
  2876 | D:3      | Found an opulent altar of Gozag.
  2968 | D:3      | Found a burning altar of Makhleb.
  3054 | D:3      | Reached XP level 6. HP: 37/39 MP: 6/6
  3983 | D:4      | Reached skill level 6 in Maces & Flails
  4232 | D:4      | Reached XP level 7. HP: 44/44 MP: 7/7
  4332 | D:5      | Entered Level 5 of the Dungeon
  4362 | D:5      | Reached **** piety under Trog
  4555 | D:5      | Reached skill level 5 in Fighting
  4760 | D:5      | Reached skill level 7 in Maces & Flails
  5470 | D:6      | Noticed a soldier ant
  5472 | D:6      | Found a runed translucent door.
  5481 | D:6      | Found a runed translucent gate.
  5482 | D:6      | Noticed a soldier ant
  5483 | D:6      | Found a runed translucent gate.
  5483 | D:6      | Found a runed translucent gate.
  5486 | D:6      | Found a runed translucent door.
  5486 | D:6      | Noticed a soldier ant
  5487 | D:6      | Noticed a soldier ant
  5519 | D:6      | Reached skill level 1 in Stealth
  5519 | D:6      | Reached XP level 8. HP: 49/49 MP: 8/8
  5547 | D:6      | Reached skill level 8 in Maces & Flails
  5612 | D:6      | Reached XP level 9. HP: 20/55 MP: 9/9
  5820 | D:6      | Reached skill level 9 in Maces & Flails
  6021 | D:6      | Found the +9 staff of Olgreb {rPois∞}
  6083 | D:6      | Reached skill level 5 in Armour
  6762 | D:6      | Found an iron altar of Okawaru.
  7012 | D:6      | Found a staircase to the Ecumenical Temple.
  7353 | D:7      | Reached ***** piety under Trog
  7561 | D:7      | Reached skill level 10 in Maces & Flails
  7649 | D:7      | Reached skill level 1 in Shields
  7649 | D:7      | Reached XP level 10. HP: 56/63 MP: 10/10
  8524 | D:8      | Noticed Erica
  8538 | D:8      | Killed Erica
  8879 | D:8      | Received a gift from Trog
  9201 | D:8      | Found an ornate altar of the Wu Jian Council.
  9552 | D:9      | Found a staircase to the Orcish Mines.
  9554 | D:9      | Found Raudavec's Weapon Shoppe.
  9569 | D:9      | Reached skill level 5 in Shields
  9788 | D:9      | Noticed a two-headed ogre
  9801 | D:9      | Killed a two-headed ogre
  9839 | D:9      | Noticed Pikel
  9859 | D:9      | Killed Pikel
 10039 | D:9      | Noticed Harold
 10041 | D:9      | Noticed Erolcha
 10046 | D:9      | Reached skill level 11 in Maces & Flails
 10046 | D:9      | Reached skill level 5 in Dodging
 10046 | D:9      | Reached XP level 11. HP: 59/68 MP: 11/11
 10074 | D:9      | Killed Harold
 10094 | D:9      | Paralysed by Erolcha for 6 turns
 10116 | D:9      | Killed Erolcha
 10395 | D:9      | Found a blossoming altar of Fedhas.
 10670 | Orc:1    | Entered Level 1 of the Orcish Mines
 10670 | Orc:1    | Noticed a cyclops
 10687 | Orc:1    | Killed a cyclops
 10794 | Orc:2    | Entered Level 2 of the Orcish Mines
 10802 | Orc:2    | Found Feso's Gadget Shoppe.
 10861 | Orc:2    | Noticed a cyclops
 10994 | Orc:2    | Killed a cyclops
 11005 | Orc:2    | Found a staircase to the Elven Halls.
 11286 | Orc:2    | Noticed a cyclops
 11294 | Orc:2    | Killed a cyclops
 11638 | Orc:2    | Found Nelaj's Antique Weapon Shoppe.
 11649 | Orc:2    | Noticed a two-headed ogre
 11649 | Orc:2    | Noticed a cyclops
 11656 | Orc:2    | Noticed a deep troll
 11669 | Orc:2    | Killed a cyclops
 11677 | Orc:2    | Noticed a two-headed ogre
 11949 | Orc:2    | Killed a deep troll
 11963 | Orc:2    | Reached skill level 10 in Shields
 11984 | Orc:2    | Reached skill level 12 in Maces & Flails
 11984 | Orc:2    | Reached XP level 12. HP: 61/75 MP: 12/12
 12114 | Orc:2    | Noticed a two-headed ogre
 12126 | Orc:2    | Killed a two-headed ogre
 12129 | Orc:2    | Noticed a two-headed ogre
 12133 | Orc:2    | Noticed a two-headed ogre
 12143 | Orc:2    | Killed a two-headed ogre
 12149 | Orc:2    | Killed a two-headed ogre
 12162 | Orc:2    | Noticed an ogre mage
 12172 | Orc:2    | Noticed a two-headed ogre
 12207 | Orc:1    | Killed a two-headed ogre
 12512 | Orc:2    | Killed an ogre mage
 12809 | Orc:2    | Noticed a two-headed ogre
 12825 | Orc:2    | Noticed a two-headed ogre
 12827 | Orc:2    | Noticed an ogre mage
 12846 | Orc:1    | Killed a two-headed ogre
 13029 | Orc:1    | Killed a two-headed ogre
 13041 | Orc:1    | Received a gift from Trog
 13285 | Orc:2    | Found Koqetoma's Armour Shoppe.
 13287 | Orc:2    | Found Soniphass's Armour Boutique.
 13299 | Orc:2    | Found Uniably's Weapon Emporium.
 13327 | Orc:2    | Bought an encrusted dire flail for 216 gold pieces
 13332 | Orc:2    | Identified the cursed +1 dire flail of Okawaru's
                  | Castigation {holy, +Rage rC++ Str+2} (You bought it in a
                  | shop on level 2 of the Orcish Mines)
 13472 | Orc:2    | Paralysed by an ogre mage for 2 turns
 13492 | Orc:2    | Paralysed by an ogre mage for 2 turns
 13495 | Orc:2    | Killed an ogre mage
 13839 | Orc:1    | Killed a two-headed ogre
 13890 | Orc:1    | Killed a two-headed ogre
 13956 | Orc:1    | Reached XP level 13. HP: 77/80 MP: 13/13
 14919 | D:10     | Entered Level 10 of the Dungeon
 14970 | D:10     | Found a runed translucent door.
 15307 | D:10     | Found Guprufig's Assorted Antiques.
 15388 | D:10     | Found a shimmering altar of Xom.
 15388 | D:10     | Noticed Cayciadust's ghost (journeyman DsBe)
 15441 | D:10     | Killed Cayciadust's ghost
 15767 | D:10     | Found the ring of Phasing {EV+8}
 16404 | D:11     | Received a gift from Trog
 16455 | D:11     | Noticed Sonja
 16466 | D:11     | Killed Sonja
 16669 | D:11     | Found a staircase to the Lair.
 16789 | D:11     | Reached skill level 10 in Fighting
 16845 | D:11     | Found Uryqeivost's Magic Scroll Shop.
 16865 | D:11     | Found a frozen archway.
 16958 | IceCv    | Entered an ice cave
 17653 | IceCv    | Noticed a reaper
 17686 | IceCv    | Killed a reaper
 18137 | IceCv    | Got a crystal flail
 18138 | IceCv    | Identified the +10 flail of Forgiveness {pain, Int+3 Dex+5
                  | Stlth+} (You found it in an ice cave)
 18257 | IceCv    | Received a gift from Trog
 18814 | D:11     | Reached skill level 13 in Maces & Flails
 19006 | D:11     | Bought a scroll of identify for 30 gold pieces
 19006 | D:11     | Bought a scroll of teleportation for 45 gold pieces
 19006 | D:11     | Bought a scroll of acquirement for 780 gold pieces
 19006 | D:11     | Bought a scroll of identify for 30 gold pieces
 19006 | D:11     | Bought a scroll of magic mapping for 52 gold pieces
 19006 | D:11     | Bought a scroll of identify for 30 gold pieces
 19006 | D:11     | Bought a scroll of identify for 30 gold pieces
 19013 | D:11     | Acquired a +0 kite shield of protection
 19120 | Lair:1   | Entered Level 1 of the Lair of Beasts
 19179 | Lair:1   | You fall into a shaft and drop 1 floor!
 19180 | Lair:2   | Noticed Maggie
 19195 | Lair:2   | Killed Maggie
 19254 | Lair:2   | Gained mutation: Your large and strong wings let you fly
                  | indefinitely. [Gargoyle growth]
 19254 | Lair:2   | Reached XP level 14. HP: 88/88 MP: 14/14
 19267 | Lair:2   | Found a gate leading to a gauntlet.
 19316 | Gauntlet | Entered a Gauntlet
 19316 | Gauntlet | Found a transporter.
 19344 | Gauntlet | Found a transporter.
 19359 | Gauntlet | Found a transporter.
 19364 | Gauntlet | Found a transporter.
 19369 | Gauntlet | Found a transporter.
 19371 | Gauntlet | Found a transporter.
 19383 | Gauntlet | Found a transporter.
 19597 | Gauntlet | Identified the +0 buckler of Optimism {rF+ rC+ MR+++}
 19726 | Lair:2   | Noticed Gastronok
 19741 | Lair:2   | Killed Gastronok
 19834 | Lair:2   | Found a staircase to the Shoals.
 20414 | Lair:2   | Acquired a manual of Dodging
 20496 | Lair:3   | Found a staircase to the Swamp.
 20629 | Lair:3   | You are sucked into a shaft and drop 1 floor!
 20820 | Lair:4   | Reached skill level 14 in Maces & Flails
 20925 | Lair:4   | Reached skill level 15 in Shields
 21169 | Lair:4   | Received a gift from Trog
 21713 | Lair:5   | Found a runed translucent door.
 21739 | Lair:5   | Found a viscous altar of Jiyva.
 21740 | Lair:5   | Noticed an acid blob
 21741 | Lair:5   | Found a staircase to the Slime Pits.
 21782 | Lair:5   | Killed an acid blob
 21988 | Lair:5   | Reached XP level 15. HP: 89/95 MP: 15/15
 22080 | Lair:5   | Found a hide-covered altar of Uskayaw.
 22380 | Lair:6   | Entered Level 6 of the Lair of Beasts
 22651 | Lair:6   | Reached skill level 10 in Armour
 22665 | Lair:6   | Reached skill level 15 in Maces & Flails
 23177 | Lair:6   | Received a gift from Trog
 23218 | Lair:6   | Acquired a manual of Maces & Flails
 23493 | Lair:6   | Found a large runed translucent door.
 23493 | Lair:6   | Found a large runed translucent door.
 24353 | Lair:3   | Found a basalt altar of Yredelemnul.
 24897 | Swamp:1  | Entered Level 1 of the Swamp
 24914 | Swamp:1  | Noticed a fenstrider witch
 24919 | Swamp:1  | Killed a fenstrider witch
 24931 | Swamp:1  | Reached skill level 16 in Maces & Flails
 25202 | Swamp:1  | Reached skill level 10 in Dodging
 25729 | Swamp:1  | Noticed Louise
 25745 | Swamp:1  | Killed Louise
 25745 | Swamp:1  | Reached XP level 16. HP: 103/103 MP: 5/16
 25950 | Swamp:1  | Reached skill level 17 in Maces & Flails
 26132 | Swamp:2  | Received a gift from Trog
 27092 | Swamp:3  | Reached skill level 18 in Maces & Flails
 27110 | Swamp:4  | Entered Level 4 of the Swamp
 27135 | Swamp:4  | Got a spiked ring mail
 27157 | Swamp:3  | HP: 4/104 [eleionoma/spray of wooden splinters (23)]
 27205 | Swamp:3  | Found the +0 mask of the Dragon {MR+ Slay+3 SInv}
 27211 | Swamp:3  | HP: 5/104 [bunyip (13)]
 27707 | Swamp:3  | Identified the +5 ring mail of the Pure Things {rPois MP-9
                  | SInv Stlth+} (You found it on level 4 of the Swamp)
 28568 | Swamp:4  | Received a gift from Trog
 28820 | Swamp:4  | Reached XP level 17. HP: 103/109 MP: 5/17
 28839 | Swamp:4  | Reached skill level 19 in Maces & Flails
 28994 | Swamp:4  | Got a decaying rune of Zot
 29712 | Lair:5   | You are sucked into a shaft and drop 1 floor!
 30140 | Shoals:1 | Entered Level 1 of the Shoals
 30408 | Shoals:1 | Noticed Jorgrun
 30421 | Shoals:1 | Killed Jorgrun
 30638 | Shoals:1 | Received a gift from Trog
 30902 | Shoals:1 | Noticed a kraken
 30920 | Shoals:1 | Killed a kraken
 31137 | Shoals:2 | Noticed Frances
 31139 | Shoals:2 | Noticed Polyphemus
 31156 | Shoals:2 | Killed Polyphemus
 31199 | Shoals:2 | Reached skill level 20 in Maces & Flails
 31802 | Shoals:2 | Killed Frances
 32812 | Shoals:3 | Noticed Ilsuiw
 32839 | Shoals:2 | Received a gift from Trog
 33434 | Shoals:3 | Reached XP level 18. HP: 61/118 MP: 6/18
 33436 | Shoals:3 | Killed Ilsuiw
 33809 | Shoals:3 | Reached skill level 15 in Fighting
 33841 | Shoals:3 | Reached skill level 1 in Evocations
 34798 | Shoals:4 | Entered Level 4 of the Shoals
 34958 | Shoals:4 | Found a runed translucent door.
 34959 | Shoals:4 | Noticed jr88keys's ghost (adept GrFi)
 35000 | Shoals:4 | Killed jr88keys's ghost
 35122 | Shoals:4 | Cast into level 3 of the Abyss (merfolk impaler)
 35153 | Abyss:3  | Received a gift from Trog
 35188 | Abyss:5  | Entered Level 5 of the Abyss
 35188 | Abyss:5  | Found a corrupted altar of Lugonu.
 35196 | Abyss:5  | Noticed a lich
 35201 | Abyss:5  | Killed a lich
 35397 | Abyss:5  | Reached skill level 21 in Maces & Flails
 35407 | Abyss:5  | Noticed a bone dragon
 35419 | Abyss:5  | Gained mutation: Armour fits poorly on your strangely
                  | shaped body. [a neqoxec]
 35424 | Abyss:5  | Gained mutation: Scrolls take you longer to read. [a
                  | neqoxec]
 35427 | Abyss:5  | Killed a bone dragon
 35433 | Shoals:4 | Escaped the Abyss
 35458 | Shoals:4 | Got a barnacled rune of Zot
 36826 | Shoals:4 | Got a pitted iron ring
 36828 | Shoals:4 | Identified the ring "Zyuz" {MP-9 Str+6 Int+6} (You found it
                  | on level 4 of the Shoals)
 37418 | Shoals:4 | Received a gift from Trog
 38256 | Lair:1   | Noticed Nergalle
 38261 | Lair:1   | Killed Nergalle
 38353 | Lair:1   | Reached XP level 19. HP: 117/125 MP: 3/19
 38639 | Lair:1   | You are sucked into a shaft and drop 1 floor!
 39018 | D:12     | Found Qaduph's Distillery.
 39040 | D:12     | Bought a potion of haste for 130 gold pieces
 39040 | D:12     | Bought a potion of curing for 39 gold pieces
 39846 | D:13     | Reached ****** piety under Trog
 39897 | D:13     | Found a gate to the Vaults.
 39928 | D:13     | Received a gift from Trog
 40671 | D:10     | Bought a potion of heal wounds for 155 gold pieces
 40671 | D:10     | Bought a fuming clear potion for 27 gold pieces
 40671 | D:10     | Bought a scroll labelled HUOXIS KOLOSEVVY for 31 gold
                  | pieces
 40787 | Elf:1    | Entered Level 1 of the Elven Halls
 41009 | Elf:1    | Found Ohuoroir's Armour Emporium.
 41463 | Elf:1    | Found a runed translucent door.
 41597 | Elf:1    | Reached skill level 22 in Maces & Flails
 41657 | Elf:1    | Received a gift from Trog
 41875 | Elf:1    | Noticed IdlyInterested's ghost (adept DsGl)
 41893 | Elf:1    | Killed IdlyInterested's ghost
 42428 | Elf:2    | Found a runed translucent door.
 42453 | Elf:2    | Found a runed translucent door.
 42918 | Elf:2    | Lost mutation: Scrolls take you a little longer to read.
                  | [potion of mutation]
 42918 | Elf:2    | Lost mutation: Armour fits poorly on your strangely shaped
                  | body. [potion of mutation]
 42918 | Elf:2    | Gained mutation: You are clumsy. (Dex -2) [potion of
                  | mutation]
 42918 | Elf:2    | Gained mutation: Your spells are a little easier to cast,
                  | but a little less powerful. [potion of mutation]
 42918 | Elf:2    | Gained mutation: You are partially covered in yellow
                  | scales. (AC +2) [potion of mutation]
 42918 | Elf:2    | Gained mutation: You have a pair of small horns on your
                  | head. [potion of mutation]
 42930 | Elf:2    | Received a gift from Trog
 43335 | Elf:2    | Reached XP level 20. HP: 126/134 MP: 3/20
 44316 | Elf:3    | Entered Level 3 of the Elven Halls
 44326 | Elf:3    | Noticed Nikola
 44372 | Elf:3    | Noticed a Brimstone Fiend
 44382 | Elf:3    | Killed from afar by a deep elf sorcerer

Illustrated notes

Levels and vault maps discovered:
D:1:      mrwooster_arrival_statue_3, layout_basic, chequers_garden,
          hex_intersection, minmay_tetromino_i2
D:2:      layout_loops_ring, lemuel_crystal_altar
D:3:      cheibrodos_helix_gallery, layout_basic, lemuel_crystal_altar,
          bloody_makhleb, minitemple, uniq_terence
D:4:      layout_gridville
D:5:      layout_loops_ring, water_boxes_lemuel
D:6:      layout_basic, lemuel_crystal_altar, minmay_temple_entry_nine_rooms,
          minmay_guarded_unrand_staff_of_olgreb
D:7:      layout_loops_ring
D:8:      kennysheep_spiral_hall, layout_basic, lemuel_doored_altar, uniq_erica
D:9:      layout_loops_corners, fedhas_bush_and_centaur_altar, orc_david_3,
          minmay_bent, uniq_pikel, uniq_erolcha, uniq_harold
D:10:     layout_small_grid, ebering_ghost_xom, serial_shops,
          nicolae_shop_temple_entry_statues_fountains, minmay_diamond_spiral
D:11:     layout_basic, erik_lair_orcish_takeover, serial_shops, shop_scrolls,
          portal_ice_cave_entry_ice_beasts, uniq_sonja
D:12:     layout_rooms, serial_shops, shop_fountains, kennysheep_another_room
D:13:     layout_cave_pools, skrybe_vaults_entry_preservation, minmay_puff
Lair:1:   layout_gridlike, beast_lair_carwin_6, uniq_nergalle
Lair:2:   layout_misc_corridors, elwin_shoals_entry_rocks,
          gauntlet_entry_generic, minmay_lair_oklob_chamber, uniq_gastronok,
          uniq_maggie
Lair:3:   layout_loops_ring, nicolae_swamp_entry_splash_gauntlet, basic_altar
Lair:4:   layout_gridlike
Lair:5:   wad_woods_stonehenge, layout_regular_city, slime_altar_2
Lair:6:   cheibrodos_lair_end_hotspot, layout_gridlike
Swamp:1:  layout_basic_swamp, evilmike_swamp_ruin_house_6, swamp_pool5,
          nicolae_swamp_spriggan_camp, uniq_louise
Swamp:2:  layout_basic_swamp, evilmike_swamp_ruin_rubble_1, swamp_pool3
Swamp:3:  layout_basic_swamp, evilmike_swamp_ruin_house_5,
          infiniplex_staircase_pool
Swamp:4:  swamp_basic_johnstein, layout_basic_swamp
Shoals:1: layout_shoals, uniq_jorgrun
Shoals:2: layout_shoals, uniq_polyphemus, uniq_frances
Shoals:3: layout_shoals, uniq_ilsuiw
Shoals:4: shoals_end_simple, layout_shoals, ebering_ghost_inner_flame
Orc:1:    layout_diamond_mine, abandoned_shop
Orc:2:    st_orc_open, layout_diamond_mine, serial_shops, shop
Elf:1:    eino_elf_arrival_shootout, layout_geoelf_octagon, serial_shops,
          nicolae_shop_behind_doors, ebering_ghost_reflecting_pool,
          evilmike_minifort
Elf:2:    layout_gridlike, serial_sigils_hangedman_shear, guppyfry_elf_castle
Elf:3:    elf_hall, layout_geoelf_castle, serial_shops, nicolae_shop_trees,
          eino_tiny_chamber, uniq_nikola, uniq_roxanne

Skill      XL: |  1  2  3  4  5  6  7  8  9 10 11 12 13 14 15 16 17 18 19 |
---------------+----------------------------------------------------------+-----
Fighting       | 4 5 6 7 8 9 10 11 12 13 14 16 17 | 17.5
Maces & Flails | 4 5 6 7 8 10 11 12 13 14 16 18 20 21 22 | 22.8
Dodging        | 2 3 4 5 6 7 10 12 13 | 13.9
Armour         | 3 4 5 6 7 9 10 | 10.0
Stealth        | 1 2 3 |  3.1
Shields        | 1 6 10 12 14 15 | 15.8
Evocations     | 1 |  1.9
Throwing       | |  0.6

Action                   |  1- 3 |  4- 6 |  7- 9 | 10-12 | 13-15 | 16-18 | 19-21 || total
-------------------------+-------+-------+-------+-------+-------+-------+-------++-------
Melee: Mace              |   107 |   302 |   577 |   292 |       |       |       ||  1278
       Whip              |       |       |       |   572 |   805 |       |       ||  1377
       Eveningstar       |       |       |       |       |   904 |  1351 |   655 ||  2910
       Headbutt          |       |       |       |       |       |       |    28 ||    28
Throw: Dart              |       |       |       |       |     1 |     2 |       ||     3
Invok: Berserk           |       |     1 |     6 |    16 |    22 |    16 |     6 ||    67
       Brothers in Arms  |       |       |       |       |       |     6 |       ||     6
       Trog's Hand       |       |       |       |       |       |     1 |       ||     1
 Abil: Fly               |       |       |       |       |     1 |       |       ||     1
Evoke: Wand              |       |       |       |     2 |     6 |    12 |       ||    20
       Condenser vane    |       |       |       |       |       |     3 |       ||     3
       Tin of tremorston |       |       |       |       |       |     3 |     1 ||     4
  Use: Scroll            |       |     7 |     4 |     7 |    19 |    21 |    11 ||    69
       Potion            |       |       |     2 |     7 |     2 |    10 |     8 ||    29
 Stab: Sleeping          |       |       |       |       |     2 |       |       ||     2
       Invisible         |       |       |       |       |     2 |       |       ||     2
       Petrified         |       |       |       |       |       |     2 |       ||     2
Armor: Animal skin       |    12 |       |       |       |       |       |       ||    12
       Leather armour    |    37 |    72 |       |       |       |       |       ||   109
       Ring mail         |       |   116 |   198 |       |   306 |   105 |       ||   725
       Plate armour      |       |       |    26 |   299 |    54 |       |       ||   379
       Skin              |       |       |       |       |     1 |       |       ||     1
       Chain mail        |       |       |       |       |       |   361 |   184 ||   545
Dodge: Dodged            |    81 |   282 |   398 |   168 |   798 |  1350 |   341 ||  3418
Block: Other             |       |       |    97 |       |       |       |       ||    97
       Tower shield      |       |       |    65 |   803 |   439 |       |       ||  1307
       Reflection        |       |       |     1 |    25 |    16 |    59 |    27 ||   128
       Buckler           |       |       |       |       |   508 |   875 |   276 ||  1659
       Kite shield       |       |       |       |       |    82 |       |       ||    82

Table legend: (Time is in decaauts)
 A = Elapsed time spent in this place.
 B = Non-inter-level travel time spent in this place.
 C = Inter-level travel time spent in this place.
 D = Time resting spent in this place.
 E = Time spent auto-exploring this place.
 F = Levels seen in this place.
 G = Mean time per level.
                   A        B        C        D        E       F      G
               +--------+--------+--------+--------+--------+-----+--------+
         Total |  43606 |  43137 |    469 |  11617 |  18317 |  37 | 1178.5 |
       Dungeon |  15252 |  15118 |    134 |   2590 |   7414 |  13 | 1173.2 |
          Lair |   6778 |   6601 |    177 |    256 |   3968 |   6 | 1129.7 |
         Swamp |   4448 |   4351 |     97 |   1460 |   1863 |   4 | 1112.0 |
        Shoals |   7417 |   7417 |      0 |   2746 |   3027 |   4 | 1854.2 |
  Orcish Mines |   4029 |   4029 |      0 |   2201 |    473 |   2 | 2014.5 |
   Elven Halls |   3487 |   3426 |     61 |   1343 |   1273 |   3 | 1162.3 |
         Abyss |    314 |    314 |      0 |    128 |     39 |   3 |  104.7 |
      Ice Cave |   1448 |   1448 |      0 |    844 |    216 |   1 | 1448.0 |
      Gauntlet |    429 |    429 |      0 |     46 |     43 |   1 |  429.0 |
               +--------+--------+--------+--------+--------+-----+--------+

Top non-repeatable levels by time:
Shoals:4: 2522 daAuts
   Orc:1: 2489 daAuts
Shoals:2: 2257 daAuts
   Elf:2: 2202 daAuts
  Lair:6: 1908 daAuts
     D:6: 1729 daAuts
Shoals:3: 1649 daAuts
 Swamp:3: 1557 daAuts
    D:10: 1556 daAuts
   Orc:2: 1539 daAuts
     D:1: 1537 daAuts
     D:9: 1459 daAuts
   IceCv: 1448 daAuts
   Elf:1: 1230 daAuts
 Swamp:1: 1218 daAuts
